Map: [ESL] Inside and Out

Players

llllllllllll (herO)

  • Race: Protoss Protoss
  • League: Master
  • Spawn Location: 1:00

ByuN - Winner!

  • Race: Terran Terran
  • Spawn Location: 7:00

VOD

Have the link to the VOD?

Description

Time

  • Played on: Oct. 22, 2022, 7:39 a.m.
  • Length: 10:25
Show
View Real Time Build Order
Export as new Build Order

llllllllllll Protoss 

Build Orders: Phoenix Opening 

Get SALT Encoding   

  12  0:00  Probe  
  13  0:12  Probe  
  14  0:17  Pylon  
  14  0:24  Probe (Chrono Boost)  
  16  0:36  Gateway, Probe (Chrono Boost)  
  16  0:43  Probe (Chrono Boost)  
  16  0:48  Assimilator  
  17  0:50  Probe  
  18  1:02  Probe  
  19  1:15  Probe  
  20  1:23  Cybernetics Core  
  22  1:32  Zealot (Chrono Boost)  
  22  1:34  Pylon  
  22  1:46  Nexus  
  23  1:56  Assimilator  
  23  1:57  Stalker (Chrono Boost)  
  23  2:00  Probe  
  25  2:05  Warp Gate  
  25  2:15  Probe  
  25  2:19  Stalker (Chrono Boost)  
  26  2:40  Probe  
  26  2:41  Stalker  
  29  2:52  Probe  
  30  2:58  Stargate  
  30  3:04  Probe  
  31  3:11  Stalker  
  32  3:14  Probe  
  32  3:17  Probe (Chrono Boost)  
  34  3:26  Probe (Chrono Boost)  
  36  3:34  Probe (Chrono Boost)  
  36  3:35  Probe (Chrono Boost)  
  36  3:40  Phoenix (Chrono Boost), Probe (Chrono Boost)  
  36  3:41  Probe (Chrono Boost)  
  41  3:52  Probe  
  43  3:57  Phoenix (Chrono Boost)  
  43  4:00  Pylon  
  44  4:02  Stalker  
  46  4:17  Phoenix (Chrono Boost)  
  46  4:18  Probe x2  
  50  4:27  Stalker  
  50  4:30  Probe x2  
  54  4:50  Pylon  
  54  4:53  Twilight Council, Probe (Chrono Boost)  
  54  4:55  Probe (Chrono Boost)  
  54  4:56  Forge  
  54  5:08  Probe x2  
  54  5:20  Probe x2  
  52  5:24  Protoss Ground Weapons Level 1  
  52  5:25  Assimilator  
  52  5:32  Probe x2  
  52  5:33  Blink (Chrono Boost)  
  54  5:44  Pylon  
  54  5:47  Probe  
  54  5:48  Probe  
  56  5:50  Nexus  
  56  5:59  Probe (Chrono Boost)  
  56  6:00  Probe (Chrono Boost)  
  58  6:07  Sentry  
  58  6:09  Gateway  
  62  6:11  Probe (Chrono Boost), Gateway x2  
  62  6:12  Probe (Chrono Boost)  
  62  6:16  Probe (Chrono Boost)  
  62  6:17  Probe (Chrono Boost), Gateway  
  64  6:23  Gateway  
  64  6:26  Gateway, Probe  
  64  6:27  Probe  
  64  6:29  Pylon  
  64  6:30  Sentry  
  68  6:38  Probe  
  68  6:39  Probe  
  70  6:50  Probe  
  70  6:51  Probe  
  72  6:54  Sentry  
  72  7:00  Robotics Facility  
  72  7:01  Pylon  
  74  7:02  Probe  
  74  7:03  Probe x2  
  74  7:04  Gateway  
  74  7:06  Stalker  
  74  7:07  Stalker  
  74  7:08  Zealot  
  83  7:14  Probe  
  83  7:15  Charge (Chrono Boost), Zealot  
  86  7:18  Shield Battery  
  86  7:19  Stalker  
  86  7:20  Stalker  
  90  7:25  Gateway  
  90  7:29  Zealot x2  
  94  7:33  Pylon x2  
  94  7:36  Zealot x2  
  98  7:42  Shield Battery  
  98  7:46  Zealot  
  98  7:47  Observer  
  98  7:50  Robotics Bay  
  101  7:51  Assimilator  
  101  7:52  Assimilator  
  101  7:57  Zealot x4  
  109  8:00  Zealot  
  109  8:01  Zealot  
  113  8:16  Immortal (Chrono Boost)  
  117  8:20  Pylon  
  117  8:23  Pylon  
  109  8:27  Zealot x4  
  91  8:50  Zealot x9  
  101  8:59  Immortal (Chrono Boost)  
  87  9:06  Observer  
  75  9:10  Zealot x9  
  86  9:27  Pylon  
  86  9:28  Immortal (Chrono Boost)  
  86  9:30  Stalker x3  
  86  9:31  Stalker x2  
  98  9:35  Zealot  
  98  9:36  Zealot  
  74  9:55  Stalker x6  
  80  10:05  Zealot x3  
Show
View Real Time Build Order
Export as new Build Order

ByuN Terran - Winner!

Build Orders:  

Get SALT Encoding   

  12  0:00  SCV  
  13  0:12  SCV  
  14  0:19  Supply Depot  
  14  0:24  SCV  
  15  0:40  Barracks  
  15  0:42  SCV  
  16  0:46  Refinery  
  16  0:54  SCV  
  17  0:57  Refinery  
  17  1:06  SCV  
  18  1:18  SCV  
  19  1:27  Reaper  
  19  1:30  Engineering Bay  
  19  1:32  Orbital Command  
  20  1:47  Factory  
  20  1:58  SCV  
  20  1:59  Reaper  
  22  2:04  Supply Depot  
  22  2:06  Bunker  
  22  2:10  SCV  
  23  2:22  SCV  
  23  2:31  Widow Mine  
  25  2:37  Command Center  
  25  2:40  SCV  
  26  2:48  Starport  
  26  2:53  SCV  
  26  2:54  Widow Mine  
  29  3:01  Supply Depot  
  30  3:05  SCV  
  30  3:17  SCV  
  30  3:22  Factory Tech Lab  
  30  3:26  Medivac  
  32  3:31  SCV  
  33  3:36  Barracks  
  33  3:41  Siege Tank  
  33  3:44  SCV  
  37  3:55  Barracks Reactor  
  37  3:56  SCV  
  37  3:57  Starport Tech Lab  
  38  4:08  SCV, Orbital Command  
  42  4:20  SCV  
  43  4:25  Cyclone, Marine  
  44  4:32  SCV  
  44  4:37  SCV  
  44  4:41  Marine x2  
  44  4:45  SCV  
  43  4:46  Barracks  
  43  4:48  Engineering Bay  
  43  4:49  SCV  
  46  4:54  Supply Depot  
  46  4:56  Stimpack  
  46  4:57  SCV  
  46  4:58  Marine  
  46  4:59  Marine x2  
  50  5:01  SCV, Siege Tank  
  52  5:09  SCV  
  52  5:13  SCV  
  48  5:18  Marine  
  45  5:21  SCV  
  45  5:23  Marine  
  45  5:25  SCV  
  45  5:28  Marine  
  48  5:33  SCV  
  46  5:35  Marine  
  46  5:36  Marine  
  46  5:37  SCV  
  46  5:41  Marine  
  50  5:43  Siege Tank  
  50  5:45  SCV  
  50  5:46  Marine  
  50  5:49  SCV  
  56  5:53  Marine  
  56  5:54  Marine  
  57  5:57  SCV  
  57  5:58  Supply Depot, Terran Infantry Weapons Level 1  
  57  6:00  Marine  
  57  6:01  SCV  
  57  6:03  Marine  
  61  6:07  Supply Depot  
  61  6:10  SCV  
  62  6:12  Supply Depot  
  62  6:16  Barracks Reactor  
  62  6:18  Starport Reactor  
  62  6:19  Marine x2  
  62  6:20  SCV  
  62  6:22  SCV  
  62  6:23  Factory Reactor  
  67  6:26  Refinery  
  67  6:29  Combat Shield, Marine x2  
  67  6:30  Supply Depot  
  67  6:32  SCV  
  69  6:37  Barracks x2  
  69  6:41  Marine x2  
  71  6:47  Marauder x2  
  71  6:51  SCV x2  
  71  6:53  Supply Depot  
  75  6:55  Medivac  
  75  6:57  Medivac  
  75  7:01  Supply Depot  
  79  7:07  Concussive Shells  
  79  7:10  Marine x2  
  79  7:14  Marauder  
  79  7:15  Supply Depot  
  83  7:16  Marauder  
  85  7:23  Widow Mine x2  
  85  7:27  SCV x2  
  85  7:28  Marine  
  85  7:29  Marine  
  93  7:30  Marine x2  
  93  7:35  Supply Depot, Marine  
  96  7:37  Marine  
  96  7:39  Medivac  
  99  7:49  Marine x2  
  99  7:50  Marine x2  
  103  7:53  Marine  
  103  7:55  Marauder  
  103  7:57  Widow Mine x2  
  108  8:00  Medivac  
  110  8:07  Marine x2  
  110  8:08  Marine x2  
  110  8:11  Marauder  
  116  8:17  Marauder  
  116  8:18  Widow Mine x2  
  121  8:25  Medivac, Marine x3  
  121  8:26  Marine  
  124  8:32  Marauder  
  125  8:41  Marauder  
  125  8:42  Widow Mine  
  125  8:43  Widow Mine  
  126  8:50  Marine  
  126  8:53  Marine  
  126  8:56  Marine  
  126  8:57  Marine  
  126  9:00  Marauder  
  120  9:03  Marauder  
  120  9:04  Widow Mine  
  120  9:05  Widow Mine  
  120  9:08  Marine  
  121  9:10  Marine  
  121  9:12  Refinery  
  121  9:14  Marine x2  
  123  9:21  Marauder  
  117  9:24  Marauder  
  117  9:25  Widow Mine  
  117  9:26  Widow Mine, Marine  
  117  9:28  Marine  
  125  9:32  Marine  
  125  9:37  Marine  
  125  9:43  Marauder  
  125  9:44  Marine  
  121  9:46  Widow Mine, Marauder, Marine  
  121  9:47  Widow Mine  
  121  9:49  Marine  
  116  9:55  Marine  
  112  10:01  Marine  
  112  10:04  Marauder, Marine  
  111  10:07  Marine  
Tags
 
Add a new tag
Caveats
  • Supply blocks, unpowered buildings, or Contaminate may cause inaccurate times.
  • Supply counts are checked every 10 seconds.